 Dungeon Sprint DCSS version 0.31-a0-7-g51783674b7 (webtiles) character file.

Game seed: 575701206688244862

710 sircluck the Cleaver (level 7, -2/73 HPs)
             Began as a Hill Orc Monk on May 5, 2023.
             Was a Believer of Nemelex Xobeh.
             Slain by an ufetubus (5 damage)
             ... summoned by a ynoxinul
             ... summoned by a kobold demonologist
             ... in the Dungeon (Sprint I: "Red Sonja").
             The game lasted 00:02:08 (749 turns).

sircluck the Cleaver (Hill Orc Monk)                 Turns: 749, Time: 00:02:09

Health: -2/73      AC: -14   Str: 16      XL:     7   Next: 68%
Magic:  7/7        EV: 14    Int: 10      God:    Nemelex Xobeh [**....]
Gold:   280        SH:  0    Dex: 12 (13) Spells: 6/6 levels left

rFire   . . .        a - +0 hand axe
rCold   . . .        d - orb {light}
rNeg    . . .        b - +0 robe
rPois   .            (no helmet)
rElec   .            (no cloak)
rCorr   .            (no gloves)
SInv    .            (no boots)
Will    .....        (no amulet)
Stlth   ++           (no ring)
HPRegen 0.32/turn    (no ring)
MPRegen 0.10/turn

%: no teleportation
@: corroded, glowing
A: no striking features
a: Renounce Religion, Draw Escape, Draw Destruction, Draw Summoning


You were in the Dungeon.
You worshipped Nemelex Xobeh.
Nemelex Xobeh was pleased with you.
You visited 1 branch You collected 280 gold pieces.

Inventory:

Hand Weapons
 a - a +0 hand axe (weapon)
Armour
 b - a +0 robe (worn)
 d - an orb of light (worn)
Scrolls
 j - a scroll of blinking
Potions
 g - a potion of haste
 h - 2 potions of magic


   Skills:
 + Level 10.8 Fighting
 + Level 11.9 Axes
 + Level 6.5 Dodging
 + Level 7.0 Stealth
 + Level 2.1 Evocations


You had 6 spell levels left.
You didn't know any spells.
Your spell library was empty.

Dungeon Overview and Level Annotations

Branches:
Dungeon (1/1)

Altars:
Cheibriados
Dithmenos
Elyvilon
Fedhas
Gozag
Hepliaklqana
Kikubaaqudgha
Makhleb
Nemelex Xobeh
Okawaru
Qazlal
Ru
Sif Muna
Trog
Uskayaw
Vehumet
Wu Jian
Xom
Yredelemnul
Zin
The Shining One
Jiyva
Lugonu

Shops:
D !


Message History

The rust devil barely misses you. The ufetubus closely misses you.
The ufetubus hits you.
* * * LOW HITPOINT WARNING * * *
You hit the kobold demonologist but do no damage.
The kobold demonologist is moderately wounded.
You hit the ynoxinul but do no damage. You completely miss the ufetubus.
You hit the rust devil but do no damage.
The kobold demonologist looks encouraged for a moment.
The rust devil hits you.
* * * LOW HITPOINT WARNING * * *
The rust devil corrodes you! The ufetubus misses you. x2
The ynoxinul hits you.
* * * LOW HITPOINT WARNING * * *
You feel better.
You feel less invigorated.
The rust devil disappears in a puff of smoke!
The ufetubus barely misses you. x2
The kobold demonologist hits you with a +0 dagger.
* * * LOW HITPOINT WARNING * * *
The ynoxinul barely misses you.
Blink to where?
Press: ? - help, Q - select action, (/) - cycle Dir - move target
Okay, then.
Okay, then.
You barely miss the kobold demonologist.
The kobold demonologist is moderately wounded.
You hit the ynoxinul but do no damage. You hit the ufetubus but do no damage.
The ufetubus hits you.
* * * LOW HITPOINT WARNING * * *
The ufetubus closely misses you.
The kobold demonologist closely misses you.
The kobold demonologist looks braver for a moment.
The ynoxinul misses you.
You closely miss the kobold demonologist.
The kobold demonologist is moderately wounded.
You hit the ynoxinul. You barely miss the ufetubus.
The ufetubus barely misses you. The ufetubus hits you.
* * * LOW HITPOINT WARNING * * *
The ufetubus hits you.
You die...
Your body disappears without additional glow.

#####################
.)..#.)'..#__#.5@KK5#
.#..'..#..'..'..#355#
###'#####'#__####555+
##..# #)#### ####
_#### ##.#
____##+#_.+
.∩...†..._#
..__##_.#+# ____###+#


You could see 2 kobold demonologists, a ynoxinul (summoned), an iron imp
(summoned), 2 quasits and 4 ufetubi.

Vanquished Creatures
  A slime creature (D)
  Sigmund (D)
  A yak (D)
  A floating eye (D)
  An ogre (D)
  A jelly (D)
  Ijyb (D)
7 creatures vanquished.

Notes
Turn   | Place    | Note
-------+----------+-------------------------------------------
     0 | D        | sircluck the Hill Orc Monk began the quest for the Orb.
     0 | D        | Reached XP level 1. HP: 19/19 MP: 1/1
     2 | D        | Noticed Ijyb
     6 | D        | Killed Ijyb
     7 | D        | Reached skill level 5 in Fighting
     7 | D        | Reached skill level 5 in Axes
     7 | D        | Reached XP level 2. HP: 29/29 MP: 2/2
     7 | D        | Reached XP level 3. HP: 36/36 MP: 3/3
    51 | D        | Noticed an ogre
    62 | D        | Killed an ogre
    63 | D        | Reached skill level 7 in Axes
    63 | D        | Reached skill level 1 in Stealth
    63 | D        | Reached XP level 4. HP: 11/47 MP: 4/4
   205 | D        | Noticed Sigmund
   213 | D        | Killed Sigmund
   214 | D        | Reached skill level 9 in Axes
   214 | D        | Reached skill level 5 in Dodging
   214 | D        | Reached skill level 1 in Evocations
   214 | D        | Reached XP level 5. HP: 56/56 MP: 5/5
   214 | D        | Reached XP level 6. HP: 62/62 MP: 6/6
   227 | D        | Found an ornate altar of the Wu Jian Council.
   227 | D        | Found a shimmering blue altar of Sif Muna.
   229 | D        | Found a radiant altar of Vehumet.
   279 | D        | Found Lyasyfeaforch's Distillery.
   279 | D        | Found an ancient bone altar of Kikubaaqudgha.
   279 | D        | Found a hazy altar of Hepliaklqana.
   279 | D        | Found a stormy altar of Qazlal.
   279 | D        | Found a hide-covered altar of Uskayaw.
   279 | D        | Found a blossoming altar of Fedhas.
   279 | D        | Found a bloodstained altar of Trog.
   279 | D        | Found an iron altar of Okawaru.
   279 | D        | Found a basalt altar of Yredelemnul.
   279 | D        | Found a glowing golden altar of the Shining One.
   279 | D        | Found a snail-covered altar of Cheibriados.
   279 | D        | Found a sacrificial altar of Ru.
   279 | D        | Found a glowing silver altar of Zin.
   279 | D        | Found a shadowy altar of Dithmenos.
   279 | D        | Found a white marble altar of Elyvilon.
   279 | D        | Noticed a yak
   291 | D        | HP: 3/63 [yak (8)]
   302 | D        | Killed a yak
   303 | D        | Reached skill level 10 in Fighting
   303 | D        | Reached skill level 10 in Axes
   303 | D        | Reached skill level 5 in Stealth
   303 | D        | Reached XP level 7. HP: 13/72 MP: 7/7
   303 | D        | Found an opulent altar of Gozag.
   304 | D        | Found a sparkling altar of Nemelex Xobeh.
   308 | D        | Became a worshipper of Nemelex Xobeh the Trickster
   308 | D        | Reached * piety under Nemelex Xobeh
   308 | D        | Received a gift from Nemelex Xobeh
   308 | D        | Reached ** piety under Nemelex Xobeh
   498 | D        | Found a burning altar of Makhleb.
   498 | D        | Found a viscous altar of Jiyva.
   498 | D        | Found a shimmering altar of Xom.
   498 | D        | Found a corrupted altar of Lugonu.
   498 | D        | Noticed a slime creature
   515 | D        | Killed a slime creature
   516 | D        | Reached skill level 11 in Axes
   713 | D        | Noticed a kobold demonologist
   713 | D        | Noticed a kobold demonologist
   714 | D        | Paralysed by a floating eye for 2 turns
   724 | D        | Noticed a ynoxinul
   734 | D        | Noticed a rust devil
   749 | D        | HP: 3/73 [ufetubus[a kobold demonologist] (4)]
   749 | D        | Slain by an ufetubus

Illustrated notes

Levels and vault maps discovered:
D:        dungeon_sprint_1 [red_sonja_temple_1, red_sonja_temple_small_1]

Skill      XL: |  1  2  3  4  5  6  7 |
---------------+----------------------+-----
Fighting       | 5 7 8 10 | 10.8
Axes           | 5 7 9 10 11 | 11.9
Dodging        | 3 4 5 6 |  6.5
Stealth        | 1 4 5 7 |  7.0
Evocations     | 1 2 |  2.1

Action                     |  1- 3 |  4- 6 |  7- 9 || total
---------------------------+-------+-------+-------++-------
  Melee: Hand axe          |     9 |    31 |    45 ||    85
  Evoke: Wand              |     3 |     1 |       ||     4
    Use: Potion            |     1 |     1 |     3 ||     5
   Stab: Paralysed         |     5 |     5 |       ||    10
 Armour: Robe              |       |     2 |     2 ||     4
  Dodge: Dodged            |     1 |     8 |    47 ||    56

Table legend: (Time is in decaauts)
 A = Elapsed time spent in this place.
 B = Non-inter-level travel time spent in this place.
 C = Inter-level travel time spent in this place.
 D = Time resting spent in this place.
 E = Time spent auto-exploring this place.
 F = Levels seen in this place.
 G = Mean time per level.
                   A        B        C        D        E       F      G
               +--------+--------+--------+--------+--------+-----+--------+
         Total |    742 |    731 |     11 |    401 |    141 |   1 |  742.0 |
       Dungeon |    742 |    731 |     11 |    401 |    141 |   1 |  742.0 |
               +--------+--------+--------+--------+--------+-----+--------+

Top non-repeatable levels by time:
       D: 742 daAuts
